 Dungeon Crawl Stone Soup version 0.28.0-47-ge53b351184 (webtiles) character file.

Game seed: 8269899033700279499

583 sanboga the Shield-Bearer (level 7, -1/44 HPs)
             Began as a Gargoyle Fighter on Apr 29, 2022.
             Slain by a gnoll
             ... wielding the +11 long sword of the Lurker {vorpal, Str+2 Stlth+}
              (11 damage)
             ... on level 4 of the Dungeon.
             The game lasted 00:05:07 (4270 turns).

sanboga the Shield-Bearer (Gargoyle Fighter)        Turns: 4270, Time: 00:05:07

Health: -1/44      AC: 14    Str: 21    XL:     7   Next: 37%
Magic:  7/7        EV:  9    Int:  9    God:
Gold:   361        SH:  4    Dex:  9    Spells: 6/6 levels left

rFire   . . .      SeeInvis .   a - +0 war axe
rCold   . . .      Faith    .   c - +0 buckler
rNeg    + + .      Spirit   .   b - +0 scale mail
rPois   ∞          Reflect  .   d - +0 helmet
rElec   +          Harm     .   (no cloak)
rCorr   .          Rampage  .   (no gloves)
Will    .....                   l - +0 pair of boots
Stlth   ..........              m - amulet of regeneration
HPRegen 0.94/turn               o - ring of positive energy
MPRegen 0.10/turn               t - +4 ring of slaying

@: no status effects
A: sickness immunity, AC +4, negative energy resistance 1, electricity
resistance, torment resistance 1, petrification resistance
a: no special abilities


You were on level 4 of the Dungeon.
You visited 2 branches of the dungeon, and saw 5 of its levels.

You collected 361 gold pieces.

Inventory:

Hand Weapons
 a - a +0 war axe (weapon)
Armour
 b - a +0 scale mail (worn)
 c - a +0 buckler (worn)
 d - a +0 helmet (worn)
 l - a +0 pair of boots (worn)
Jewellery
 m - an amulet of regeneration (around neck)
 o - a ring of positive energy (left hand)
 t - a +4 ring of slaying (right hand)
Scrolls
 e - 2 scrolls of fear {unknown}
 h - a scroll of silence {unknown}
 i - 3 scrolls of identify {unknown}
 k - a scroll of vulnerability {unknown}
Potions
 f - a potion of haste {unknown}
 g - a potion of resistance {unknown}
 j - a potion of attraction {unknown}
 n - a potion of ambrosia
 p - a potion of heal wounds {unknown}
 q - a potion of magic {unknown}
 r - a potion of brilliance {unknown}
 s - a potion of curing {unknown}


   Skills:
 + Level 4.9 Fighting
 * Level 4.7 Axes
 + Level 4.9 Armour
 + Level 5.0 Shields


You had 6 spell levels left.
You didn't know any spells.
Your spell library contained the following spells:

 Spells                   Type           Power      Damage    Failure   Level
 Sandblast                Erth           0%         2d4       80%         1
 Summon Small Mammal      Summ           0%         N/A       80%         1
 Passwall                 Tmut/Erth      0%         N/A       90%         2
 Wereblood                Tmut           0%         N/A       90%         2
 Call Canine Familiar     Summ           0%         N/A       99%         3
 Stone Arrow              Conj/Erth      0%         3d7       99%         3
 Summon Guardian Golem    Hex/Summ       0%         N/A       99%         3
 Summon Hydra             Summ           0%         N/A       100%        7
 Sublimation of Blood     Necr           Unusable   N/A       N/A         2

Dungeon Overview and Level Annotations

Branches:
Dungeon (4/15)             Temple (1/1) D:4

Altars:
Cheibriados
Dithmenos
Elyvilon
Fedhas
Gozag
Hepliaklqana
Kikubaaqudgha
Makhleb
Nemelex Xobeh
Ru
Sif Muna
Uskayaw
Zin
The Shining One


Innate Abilities, Weirdness & Mutations

You are immune to sickness and miasma.
Your stone body is resilient. (AC +4)
You are immune to poison.
You resist negative energy. (rN+)
You are resistant to electric shocks. (rElec)
You are resistant to unholy torment.
You are immune to petrification.


Message History

The gnoll shaman is severely wounded.
The gnoll shaman hits you but does no damage.
You barely miss the gnoll shaman.
The gnoll shaman is severely wounded.
You block the gnoll shaman's attack.
The gnoll shaman hits you but does no damage.
You hit the gnoll shaman.
The gnoll shaman is almost dead.
The gnoll shaman hits you with a +0 club.
You hit the gnoll shaman.
You kill the gnoll shaman!
The gnoll hits you with a +0 whip.
You hit the gnoll.
The gnoll is severely wounded.
You block the gnoll's attack. The gnoll hits you but does no damage.
You hit the gnoll.
The gnoll is severely wounded.
The gnoll hits you with a +0 whip. The gnoll barely misses you.
You slash the gnoll!
You kill the gnoll!
The gnoll hits you with the +11 long sword of the Lurker {vorpal, Str+2 Stlth+}!
The gnoll hits you but does no damage.
Your Shields skill increases to level 5!
You hit the gnoll.
The gnoll is lightly wounded.
The gnoll misses you. The gnoll barely misses you.
The gnoll hits you with the +11 long sword of the Lurker {vorpal, Str+2 Stlth+}!!
You block the gnoll's attack.
You barely miss the gnoll.
The gnoll is lightly wounded.
The gnoll hits you with the +11 long sword of the Lurker {vorpal, Str+2 Stlth+}.
* * * LOW HITPOINT WARNING * * *
x2 The gnoll closely misses you.
The gnoll hits you but does no damage. You block the gnoll's attack.
You are too injured to fight recklessly!
You hit the gnoll but do no damage.
The gnoll is lightly wounded.
You block the gnoll's attack. The gnoll hits you but does no damage.
The gnoll hits you with the +11 long sword of the Lurker {vorpal, Str+2 Stlth+}!
You die...

................#
....########....## #
.................# .#
....#####.###....# ..#
..........##.....# ...#
.................##....#
......#######..........#
..)...#.....#..#.#.....#
......#.....#.##@#.....#
....#.#.._..#.##g#.....#
#####.#.....#..#g#.#####
# ##..#.....#...g#.#
###...###'###.##...#
....#....†....###..#####
#.####......#..........#
#.##........#....<>....#
..##.#........†........#


You could see 3 gnolls.

Vanquished Creatures
  An ogre (D:4)
  A bullfrog (D:4)
  A water moccasin skeleton (D:4)
  A howler monkey (D:4)
  A gnoll shaman (D:4)
  Jessica (D:3)
  A centaur skeleton (D:4)
  An iguana (D:4)
  Robin (D:2)
  9 adders
  4 gnolls (D:4)
  3 worms
  3 dart slugs
  2 orcs
  10 endoplasms
  4 giant cockroaches
  15 goblins
  6 hobgoblins
  5 quokkas
  9 ball pythons
  5 bats
  3 frilled lizards (D:1)
  8 kobolds
  4 rats
  A bush (Temple)
100 creatures vanquished.

Vanquished Creatures (others)
  2 plants (D:4)
2 creatures vanquished.

Grand Total: 102 creatures vanquished

Notes
Turn   | Place    | Note
-------+----------+-------------------------------------------
     0 | D:1      | sanboga the Gargoyle Fighter began the quest for the Orb.
     0 | D:1      | Reached XP level 1. HP: 14/14 MP: 1/1
   314 | D:1      | Reached XP level 2. HP: 19/19 MP: 2/2
  1000 | D:1      | Reached XP level 3. HP: 14/23 MP: 3/3
  1376 | D:2      | Found a white marble altar of Elyvilon.
  1658 | D:2      | Noticed Robin
  1668 | D:2      | Killed Robin
  1669 | D:2      | Reached XP level 4. HP: 15/29 MP: 4/4
  2760 | D:3      | Noticed Jessica
  2764 | D:3      | Killed Jessica
  2765 | D:3      | Reached skill level 4 in Shields
  2765 | D:3      | Reached XP level 5. HP: 33/33 MP: 5/5
  2863 | D:3      | Found a shadowy altar of Dithmenos.
  3040 | D:3      | Found a burning altar of Makhleb.
  3043 | D:3      | Identified the +0 robe of the Jabberwock {rCorr Int+7}
  3477 | D:4      | Found a blossoming altar of Fedhas.
  3514 | D:4      | Found a staircase to the Ecumenical Temple.
  3524 | D:4      | Noticed an ogre
  3526 | Temple   | Entered the Ecumenical Temple
  3806 | D:4      | Killed an ogre
  3807 | D:4      | Reached XP level 6. HP: 39/39 MP: 6/6
  3876 | D:4      | Found a hide-covered altar of Uskayaw.
  4068 | D:4      | Reached XP level 7. HP: 26/44 MP: 7/7
  4249 | D:4      | Identified the +11 long sword of the Lurker {vorpal, Str+2
                  | Stlth+}
  4268 | D:4      | Reached skill level 5 in Shields
  4270 | D:4      | Slain by a gnoll

Illustrated notes

Levels and vault maps discovered:
D:1:      minmay_arrival_wavy_path, layout_basic, minmay_box_of_dots
D:2:      layout_loops_corners, basic_altar, kennysheep_potato, uniq_robin
D:3:      layout_basic, bloody_makhleb, grunt_dithmenos_smoke,
          kennysheep_generic_room_9, uniq_jessica
D:4:      kennysheep_six_static_rooms, layout_rooms, amcnicky_altar_gilded,
          nicolae_overflow_crystal_walls, temple_fountains, serial_bayou_ford_a,
          st_stairs_6
Temple:   jpeg_temple_alley_garden

Skill      XL: |  1  2  3  4  5  6  7 |
---------------+----------------------+-----
Axes           | 2 3 4 |  4.7
Armour         | 4 |  4.9
Fighting       | 4 |  4.9
Shields        | 4 5 |  5.0

Action                   |  1- 3 |  4- 6 |  7- 9 || total
-------------------------+-------+-------+-------++-------
Melee: War axe           |    95 |   234 |    40 ||   369
  Use: Potion            |     1 |     1 |       ||     2
Armor: Scale mail        |    64 |   119 |    21 ||   204
Dodge: Dodged            |    49 |   113 |    23 ||   185
Block: Buckler           |    20 |    52 |    11 ||    83
